AoeStats
← Thewanderero

QS Arena

503698142Analyzed
4v4 RM · 1mo ago on Sep 1, 2026· 55m 50s· 8 players
Game mode
Random Map
Map size
Large (8 player)
Population
200
Speed
Normal
Resources
Standard
Victory
Conquest
Starting age
Dark Age
Ending age
Imperial Age
RankedLock teamsTeams togetherTeam positionsShared explorationLock speedFull tech treeHidden civsTurbo modeCheats
Victory
Defeat
🇧🇾 Burgundians · Belarus
1044
+14
🇨🇳 Britons · China
1032
+14
🇹🇷 Romans · Türkiye
1030
+15
🇵🇱 Mongols · Poland
925
+19
🇦🇷 Franks · Argentina
1061
-18
🇦🇷 Hindustanis · Argentina
999
-16
🇨🇱 Goths · Chile
985
-15
🇵🇪 Celts · Peru
947
-13
guachalin
1:01 Loom
8:20 Feudal Age
13:45 Castle Age
18:06 Double-Bit Axe
20:32 Horse Collar
25:40 Heavy Plow
27:51 Wheelbarrow
28:57 Hand Cart
33:13 Imperial Age
32:27 Anarchy
32:49 Forging
33:29 Ballistics
33:20 Masonry
33:22 Squires
34:03 Scale Mail Armor
34:05 Murder Holes
34:06 Gold Mining
34:48 Elite Skirmisher
35:16 Crossbowman
39:53 Chemistry
40:08 Architecture
39:45 Fletching
40:31 Iron Casting
40:12 Chain Mail Armor
39:58 Padded Archer Armor
1Timoteo2:11
9:56 Feudal Age
10:40 Loom
14:04 Castle Age
12:31 Double-Bit Axe
12:27 Horse Collar
12:43 Gold Mining
18:45 Bow Saw
19:32 Wheelbarrow
20:15 Heavy Plow
22:16 Gold Shaft Mining
26:25 Imperial Age
24:22 Stone Mining
25:15 Ballistics
25:01 Padded Archer Armor
26:03 Treadmill Crane
25:46 Elite Skirmisher
26:20 Fletching
27:40 Stone Shaft Mining
28:11 Bodkin Arrow
29:07 Capped Ram
32:01 Chemistry
31:15 Forging
31:05 Scale Mail Armor
31:21 Leather Archer Armor
30:29 Pikeman
30:54 Gambesons
30:42 Onager
30:58 Onager
32:28 Hand Cart
31:59 Loom
32:00 Town Watch
32:51 Conscription
34:25 Siege Engineers
34:56 Ring Archer Armor
34:51 Stronghold
35:25 Furor Celtica
36:05 Heavy Scorpion
37:47 Iron Casting
37:27 Chain Mail Armor
36:34 Halberdier
37:38 Stronghold
38:38 Elite Woad Raider
39:16 Arson
40:33 Blast Furnace
39:46 Guilds
42:19 Plate Mail Armor
41:40 Siege Ram
42:38 Man-at-Arms
43:27 Long Swordsman
44:34 Two-Handed Swordsman
45:05 Champion
46:19 Murder Holes
Nidd
10:07 Feudal Age
12:15 Horse Collar
14:54 Castle Age
12:49 Double-Bit Axe
15:47 Wheelbarrow
15:53 Bow Saw
18:00 Gold Mining
18:14 Heavy Plow
21:21 Loom
21:57 Hand Cart
22:59 Town Watch
24:25 Forging
24:21 Scale Barding Armor
28:24 Town Patrol
32:05 Imperial Age
31:11 Ballistics
31:44 Gold Shaft Mining
31:27 Grand Trunk Road
33:47 Chemistry
33:09 Conscription
32:50 Shatagni
32:55 Husbandry
32:17 Heavy Camel Rider
33:09 Bloodlines
33:20 Chain Barding Armor
33:36 Iron Casting
33:50 Imperial Camel Rider
37:24 Padded Archer Armor
42:51 Plate Barding Armor
43:16 Blast Furnace
42:32 Leather Archer Armor
46:30 Fortified Wall
46:17 Murder Holes
KZA
8:39 Feudal Age
8:54 Loom
12:32 Castle Age
11:38 Double-Bit Axe
26:18 Imperial Age
24:29 Scale Barding Armor
24:35 Forging
24:16 Fletching
24:41 Bow Saw
25:02 Husbandry
26:41 Chain Barding Armor
27:12 Iron Casting
27:53 Cavalier
30:35 Plate Barding Armor
31:01 Blast Furnace
32:47 Siege Engineers
32:40 Murder Holes
32:56 Masonry
33:07 Ballistics
32:49 Padded Archer Armor
32:45 Bodkin Arrow
33:32 Paladin
38:48 Blast Furnace
40:53 Wheelbarrow
43:14 Pikeman
43:55 Squires
43:57 Scale Mail Armor
44:54 Halberdier
45:20 Gambesons
46:01 Chain Mail Armor
Thewanderero
2:08 Double-Bit Axe
8:41 Feudal Age
7:16 Horse Collar
13:13 Castle Age
11:27 Bow Saw
11:43 Heavy Plow
12:51 Wheelbarrow
15:01 Two-Man Saw
15:24 Crop Rotation
19:50 Hand Cart
19:37 Town Watch
22:46 Scale Barding Armor
22:51 Forging
22:50 Loom
24:13 Scale Mail Armor
25:01 Squires
24:22 Pikeman
25:47 Chain Mail Armor
26:07 Iron Casting
25:42 Stone Mining
25:42 Gold Mining
30:40 Imperial Age
29:41 Burgundian Vineyards
31:26 Chain Barding Armor
30:58 Fletching
31:09 Padded Archer Armor
30:43 Halberdier
31:47 Conscription
32:04 Hoardings
32:40 Stone Shaft Mining
32:40 Gold Shaft Mining
32:24 Husbandry
31:46 Light Cavalry
31:47 Cavalier
33:15 Plate Barding Armor
33:40 Blast Furnace
35:17 Blast Furnace
34:48 Plate Mail Armor
34:33 Elite Coustillier
35:25 Hussar
46:48 Fortified Wall
47:39 Chemistry
46:21 Treadmill Crane
46:32 Paladin
Demonte
9:03 Feudal Age
12:41 Castle Age
11:00 Double-Bit Axe
10:56 Horse Collar
18:59 Bow Saw
20:45 Wheelbarrow
20:01 Loom
20:05 Town Watch
21:57 Gold Mining
22:13 Heavy Plow
23:12 Scale Mail Armor
23:23 Forging
23:52 Gold Shaft Mining
23:08 Stone Mining
23:54 Hand Cart
28:30 Imperial Age
25:23 Man-at-Arms
26:03 Squires
26:27 Chain Mail Armor
26:47 Iron Casting
26:47 Pikeman
26:50 Long Swordsman
28:37 Legionary
30:20 Blast Furnace
28:53 Halberdier
29:58 Conscription
30:02 Comitatenses
30:23 Crop Rotation
38:18 Chemistry
37:24 Siege Engineers
37:30 Masonry
37:16 Murder Holes
37:31 Fortified Wall
37:42 Ballistics
38:37 Ballistas
40:52 Capped Ram
42:29 Siege Ram
45:00 Architecture
52:58 Elite Centurion
54:27 Scale Barding Armor
55:37 Husbandry
55:50 Bloodlines
56:05 Chain Barding Armor
_fizyk
7:13 Feudal Age
8:29 Horse Collar
10:51 Double-Bit Axe
14:40 Castle Age
13:45 Fletching
15:38 Bodkin Arrow
15:50 Scale Barding Armor
20:54 Stone Mining
23:49 Loom
30:39 Gold Mining
37:14 Imperial Age
37:39 Husbandry
37:50 Bloodlines
37:54 Light Cavalry
45:27 Heavy Scorpion
Dio
8:50 Feudal Age
13:04 Castle Age
11:41 Horse Collar
12:38 Double-Bit Axe
14:58 Bow Saw
18:26 Heavy Plow
19:05 Gold Mining
19:05 Stone Mining
20:50 Wheelbarrow
22:05 Loom
25:27 Imperial Age
23:31 Fletching
24:34 Gold Shaft Mining
23:58 Stone Mining
24:49 Squires
24:37 Pikeman
25:24 Gambesons
25:51 Murder Holes
26:17 Ballistics
25:57 Man-at-Arms
27:28 Forging
27:18 Scale Mail Armor
27:19 Padded Archer Armor
27:34 Loom
30:16 Treadmill Crane
30:48 Fortified Wall
30:29 Guard Tower
34:08 Two-Man Saw
34:26 Conscription
34:54 Bodkin Arrow
35:35 Iron Casting
35:15 Chain Mail Armor
35:37 Warwolf
37:53 Chemistry
38:17 Bracer
39:18 Blast Furnace
38:13 Guard Tower
39:20 Chain Mail Armor
39:21 Leather Archer Armor
39:26 Halberdier
41:03 Yeomen
41:38 Leather Archer Armor
43:04 Elite Longbowman
45:51 Ring Archer Armor
45:51 Plate Mail Armor
46:31 Hoardings
48:41 Long Swordsman
Connection lost

Rejoining the realm…

Still unreachable

The connection could not be restored.

Session expired

The server has moved on; the page needs a fresh start.